 Dungeon Crawl Stone Soup version 0.17-a0-1583-g2df49ec (webtiles) character file.

136 Raurakos the Slasher (level 5, -9/41 HPs)
             Began as a Formicid Abyssal Knight on July 28, 2015.
             Was a Believer of Lugonu.
             Mangled by Eleanoora's ghost (15 damage)
             ... in a sewer.
             The game lasted 00:10:08 (2684 turns).

Raurakos the Slasher (Formicid Abyssal Knight)      Turns: 2684, Time: 00:10:08

Health: -9/41      AC: 11    Str: 16    XL:     5   Next: 43%
Magic:  6/6        EV:  9    Int: 12    God:    Lugonu [**....]
Gold:   112        SH:  0    Dex: 11    Spells: 0 memorised, 4 levels left

rFire  . . .     SeeInvis +     a - +1 falchion
rCold  . . .     Clarity  .     g - +0 scale mail
rNeg   . . .     SustAt   .     (no shield)
rPois  .         Gourm    .     (helmet unavailable)
rElec  .         Spirit   .     (no cloak)
rCorr  .         Warding  .     e - +0 pair of gloves
rMut   .         Stasis   +     (no boots)
MR     .....                    (no amulet)
Stlth  ..........               (no ring)
                                d - +4 ring of protection

@: glowing, not resistant to hostile enchantments, extremely unstealthy
A: permanent stasis, dig shafts and tunnels, four strong arms, antennae 3
a: Dig, Shaft Self, Depart the Abyss, Bend Space, Renounce Religion


You were in a sewer.
You worshipped Lugonu.
Lugonu was pleased with you.
You were hungry.

You visited 1 branch of the dungeon, and saw 3 of its levels.
You visited the Abyss 1 time.
You also visited: Sewer.

You collected 112 gold pieces.

Inventory:

Hand weapons
 a - a +1 falchion (weapon)
Missiles
 l - 93 stones (quivered)
Armour
 e - a +0 pair of gloves (worn)
 g - a +0 scale mail (worn)
Jewellery
 d - a +4 ring of protection (left hand)
Scrolls
 b - 4 scrolls of remove curse
 f - a scroll of random uselessness {unknown}
 h - a scroll of amnesia
 j - a scroll of fear {unknown}
 k - a scroll of teleportation {unknown}
Potions
 m - a potion of curing
Books
 p - a book of Burglary

   Spells                             Type                      Level
   a - Swiftness                      Charms/Air                   2
   b - Passwall                       Transmutation/Earth          3
   c - Passage of Golubria            Translocation                4
   d - Lee's Rapid Deconstruction     Earth                        5
   e - Darkness                       Hexes                        6
   f - Invisibility                   Hexes                        6
Comestibles
 c - 2 bread rations
 i - a chunk of flesh
 o - a meat ration


   Skills:
 - Level 3.2 Fighting
 + Level 5.2 Long Blades
 - Level 2.1 Armour
 - Level 0.8 Dodging
 - Level 2.1 Invocations


You had 4 spell levels left.
You didn't know any spells.

Dungeon Overview and Level Annotations

Branches:
Dungeon (3/15)

Altars:
Elyvilon

Annotations:
Sewer Eleanoora's ghost, average FoEn


Innate Abilities, Weirdness & Mutations

You are under a permanent stasis effect.
You can dig through walls and to a lower floor.
Your four strong arms can wield two-handed weapons with a shield.
You have a pair of large antennae on your head (SInv).


Message History

Eleanoora's ghost hits you but does no damage.
You enter the shallow water.
Moving in this stuff is going to be slow.
You are no longer glowing.
Eleanoora's ghost barely misses you.
You nearly stumble into some deep water!
Eleanoora's ghost hits you.
* * * LOW HITPOINT WARNING * * *
You feel less confused. Eleanoora's ghost casts a spell at you.
You are outlined in light.
Eleanoora's ghost casts a spell at you. You resist with significant effort.
You enter the shallow water.
Moving in this stuff is going to be slow.
Eleanoora's ghost gestures at you while chanting.
You fall asleep.
The giant cockroach waves its antennae.
Eleanoora's ghost hits you!
You wake up.
You die...

≈≈≈# ##..###≈≈≈#
≈≈≈# #..≈# #≈≈≈#
≈≈≈# ###.≈.# #≈≈≈#
≈≈≈###≈#≈≈≈###≈≈≈#
†.≈≈≈.≈≈≈≈≈≈≈≈≈.≈#
≈≈≈≈≈≈≈≈≈≈≈≈≈≈≈≈≈#
.≈≈≈.≈≈.≈≈≈.≈≈≈≈.#
##############≈≈≈#
#s≈@# #l≈W# #.≈h#
#####≈≈h#
.≈≈≈≈≈≈≈#
≈≈≈≈≈.≈≈#
≈.≈≈≈≈≈.#
#####≈≈≈# #.≈≈#


You could see Eleanoora's ghost, a giant gecko, 2 jackals and a giant cockroach.

Vanquished Creatures
  Robin (D:2)
  5 adders
  An ooze (Sewer)
  A worm (Sewer)
  2 giant geckos
  9 giant cockroaches
  14 goblins
  8 hobgoblins
  2 jackals (D:2)
  2 quokkas (D:2)
  2 ball pythons
  10 bats
  A giant newt (D:2)
  6 kobolds
  5 rats
69 creatures vanquished.

Notes
Turn   | Place    | Note
--------------------------------------------------------------
     0 | Abyss:1  | Raurakos the Formicid Abyssal Knight began the quest for the Orb.
     0 | Abyss:1  | Reached XP level 1. HP: 18/18 MP: 2/2
     0 | Abyss:1  | Found a corrupted altar of Lugonu.
    33 | Abyss:1  | Noticed a large abomination
    34 | D:1      | Escaped the Abyss
   342 | D:1      | Reached XP level 2. HP: 17/24 MP: 3/3
   385 | D:1      | Acquired Lugonu's first power
   933 | D:2      | Reached XP level 3. HP: 7/29 MP: 4/4
  1417 | D:2      | Found a white marble altar of Elyvilon.
  1640 | D:2      | Reached skill level 4 in Long Blades
  1640 | D:2      | Reached XP level 4. HP: 30/35 MP: 5/5
  1654 | D:2      | Noticed Robin
  1704 | D:2      | Acquired Lugonu's second power
  1768 | D:2      | Killed Robin
  2184 | D:3      | Found a glowing drain.
  2218 | D:3      | Reached XP level 5. HP: 30/41 MP: 6/6
  2355 | Sewer    | Entered a sewer
  2365 | Sewer    | Reached skill level 5 in Long Blades
  2583 | Sewer    | Noticed Eleanoora's ghost (average FoEn)
  2684 | Sewer    | Mangled by Eleanoora's ghost

Vault maps used:
D:1:      minmay_arrival_split_and_join
D:2:      elyvilon_altar_1, first_bread, minmay_misc_feat_columns,
          grunt_ministairs_4, hangedman_decor_clover_reticule, uniq_robin
D:3:      gup_sewer_entry_glass, uniq_crazy_yiuf_cottage, uniq_iyjb,
          uniq_natasha
Abyss:1:  evilmike_abyss_exit_mutagenic, hangedman_decor_peaks_small
Sewer:    sewer_fruit_machine

Action                   |  1- 3 |  4- 6 || total
-------------------------+-------+-------++-------
Melee: Falchion          |    92 |   166 ||   258
Throw: Stone             |    12 |       ||    12
Invok: Depart the Abyss  |     1 |       ||     1
  Use: Scroll            |     1 |     5 ||     6
       Potion            |       |     3 ||     3
  Eat: Chunk             |     2 |     4 ||     6
